 Dungeon Crawl Stone Soup version 0.32-a0-599-gba8f9cf90e (webtiles) character file.

Game seed: 6838827320581472092

162590 backslashecho the Severer (level 17, -2/210 HPs)
             Began as a Coglin Berserker on Mar 2, 2024.
             Was the Champion of Trog.
             Asphyxiated
             ... on level 4 of the Snake Pit.
             The game lasted 01:34:17 (28747 turns).

backslashecho the Severer (Coglin Berserker)       Turns: 28747, Time: 01:34:18

Health: -2/210     AC: 18    Str: 28    XL:     17   Next: 81%
Magic:  10/17      EV:  2    Int:  9    God:    Trog [******]
Gold:   1115       SH:  0    Dex: 11    Spells: 16/16 levels left

rFire   + + .        G - +5 broad axe (flame) {Merenptah}
rCold   + + .        u - +1 trident of the Hierophant {vamp, rElec rCorr SInv}
rNeg    . . .        o - +5 ring mail "Lixkonal" {rPois Str+3}
rPois   +            H - +0 helmet
rElec   +            R - scarf {rC+ rF+}
rCorr   +            J - +0 pair of gloves "Revybloi" {rPois Regen+ Int+2 Dex-3}
SInv    +            C - +1 pair of boots
Will    +++..        (amulet unavailable) Stlth
                     (ring unavailable)
HPRegen 2.35/turn    (ring unavailable)
MPRegen 0.15/turn    K - actuated core {rF+ rC+ Clar RMsl}

%: repel missiles, clarity
@: berserking, lethally poisoned (-2 -> -32), strong-willed, regenerating,
slowed, constricted, revved
A: off-hand wielding, slow wielding, warmup strikes, no jewellery
a: Renounce Religion, Berserk, Trog's Hand, Brothers in Arms


You were on level 4 of the Snake Pit.
You worshipped Trog.
Trog was exalted by your worship.
You visited 4 branches of the dungeon, and saw 26 of its levels.
You also visited: Ice Cave.

You collected 3401 gold pieces.
You spent 2286 gold pieces at shops.

Inventory:

Hand Weapons
 u - the +1 trident of the Hierophant (offhand) {vamp, rElec rCorr SInv}
   (You found it on level 8 of the Dungeon)

   rElec:     It insulates you from electricity.
   SInv:      It lets you see invisible.
   rCorr:     It protects you from acid and corrosion.
 G - a +5 broad axe of flaming (weapon) {Merenptah}
 Q - a +0 demon whip of freezing
Missiles
 a - 6 throwing nets
 g - 36 poisoned darts (quivered)
Armour
 k - +1 ice dragon scales
 o - the +5 ring mail "Lixkonal" (worn) {rPois Str+3}
   (You found it on level 2 of the Dungeon)

   Str+3:     It affects your strength (+3).
   rPois:     It protects you from poison.
 C - a +1 pair of boots (worn)
 H - a +0 helmet (worn)
 J - the +0 pair of gloves "Revybloi" (worn) {rPois Regen+ Int+2 Dex-3}
   (You bought it in a shop on level 2 of the Orcish Mines)

   Int+2:     It affects your intelligence (+2).
   Dex-3:     It affects your dexterity (-3).
   rPois:     It protects you from poison.
   Regen+:    It increases your rate of health regeneration.
 M - the +3 ring mail of Beyond {rF+}
   (You bought it in a shop on level 2 of the Orcish Mines)

   rF+:       It protects you from fire.
 R - a scarf of resistance (worn)
Gizmo
 K - an actuated core (installed) {rF+ rC+ Clar RMsl}
   (You invented it yourself on level 4 of the Lair of Beasts)

   [actuated core]

   rF+:       It protects you from fire.
   rC+:       It protects you from cold.
   Clar:      It protects you from confusion, rage, mesmerisation and fear.
   RMsl:      It protects you from missiles.
Wands
 e - a wand of polymorph (8)
 p - a wand of charming (21)
 q - a wand of quicksilver (5)
 r - a wand of digging (8)
 z - a wand of warping (16)
 E - a wand of flame (44)
 I - a wand of mindburst (4)
Scrolls
 b - 5 scrolls of identify
 h - 2 scrolls of summoning
 j - 3 scrolls of noise
 l - 2 scrolls of revelation
 n - 3 scrolls of immolation
 s - 2 scrolls of fog
 t - a scroll of vulnerability
 w - a scroll of silence
 x - 4 scrolls of enchant armour
 y - 2 scrolls of torment
 A - 11 scrolls of teleportation
 D - 4 scrolls of blinking
 F - 3 scrolls of poison
Potions
 c - 6 potions of berserk rage
 d - 5 potions of might
 f - 9 potions of heal wounds
 i - 4 potions of enlightenment
 m - 8 potions of curing
 v - 4 potions of resistance
 B - 6 potions of lignification
 O - 5 potions of magic
Miscellaneous
 L - a phantom mirror
 N - a sack of spiders


   Skills:
 + Level 14.6 Fighting
 - Level 2.0 Short Blades
 - Level 18.0(18.9) Axes
 - Level 9.2(14.0) Polearms
 - Level 6.0 Throwing
 + Level 11.4 Armour
 - Level 5.0 Dodging
 - Level 18.0 Evocations


You had 16 spell levels left.
You didn't know any spells.
Your spell library was empty.

Dungeon Overview and Level Annotations

Branches:
Dungeon (15/15)            Temple (0/1) D:5            Lair (5/5) D:8
 Shoals (0/4) Lair:3        Snake (4/4) Lair:2        Slime (0/5) Lair:5
    Orc (2/2) D:12            Elf (0/3) Orc:2        Vaults (0/5) D:14
 Depths (0/4) D:15          IceCv (visited)

Altars:
Ashenzari
Cheibriados
Dithmenos
Fedhas
Kikubaaqudgha
Nemelex Xobeh
Okawaru
Qazlal
Ru
Sif Muna
Trog
Uskayaw
Xom
Yredelemnul
Zin
Beogh

Shops:
D:8 *   Orc:2 [=[[   Snake:1 *=**   Snake:2 *   Snake:4 (

Annotations:
Lair:2 2 transporters, Buudu's ghost, novice MDFi
Lair:4 1 runed translucent door, jasper's ghost, journeyman MDBe
Snake:4 Mlioglotl


Innate Abilities, Weirdness & Mutations

You can wield a second weapon in your off-hand.
It takes a long time for you to wield or remove held weapons.
Your first few attacks do less damage.
You cannot equip rings or amulets.


Message History

Trog accepts your kill.
You slash the anaconda with your +5 broad axe of flaming!
You burn the anaconda.
You slice the naga with your +5 broad axe of flaming!!
You burn the naga.
You kill the naga!
Trog accepts your kill.
You feel sick. The anaconda barely misses you. x2
The naga mage barely misses you.
The naga mage gestures at you while chanting.
The bolt of poison hits you.
You are more poisoned.
You resist.
A shock serpent comes into view.
The shock serpent hisses angrily.
You take 1 damage, and have 86/210 hp.
You slash the anaconda with your +5 broad axe of flaming!
You burn the anaconda.
The anaconda is lightly wounded.
You slash the anaconda with your +5 broad axe of flaming!
You burn the anaconda.
You kill the anaconda!
Trog accepts your kill.
You closely miss the anaconda with the +1 trident of the Hierophant.
You feel very sick. The anaconda grabs you.
The anaconda bites you but does no damage.
The anaconda constricts you.
The naga mage casts a spell.
The naga mage seems to speed up.
A naga warrior comes into view. It is wielding a +0 flail.
The salamander hits you from afar with a +0 vampiric spear.
You are engulfed in flames.
You resist.
You take 17 damage, and have 69/210 hp.
You miss the anaconda with your +5 broad axe of flaming.
The anaconda is lightly wounded.
You closely miss the naga with your +5 broad axe of flaming.
You hit the anaconda with the +1 trident of the Hierophant.
You feel very sick. The anaconda bites you!
* * * LOW HITPOINT WARNING * * *
The anaconda constricts you.
* * * LOW HITPOINT WARNING * * *
The naga mage mumbles some strange words.
The naga mage seems to speed up.
The anaconda bites you!
* * * LOW HITPOINT WARNING * * *
The anaconda constricts you.
* * * LOW HITPOINT WARNING * * *
The naga mage hits you from afar with a +0 spear!
* * * LOW HITPOINT WARNING * * *
You take 42 damage, and have 27/210 hp.
You barely miss the anaconda with the +1 trident of the Hierophant.
The anaconda is moderately wounded.
You slice the anaconda with your +5 broad axe of flaming!!
You burn the anaconda!
You slash the naga with your +5 broad axe of flaming!
You burn the naga.
You feel very sick.
The salamander hits you from afar with a +0 vampiric spear.
* * * LOW HITPOINT WARNING * * *
You are engulfed in flames.
You resist.
* * * LOW HITPOINT WARNING * * *
The anaconda bites you but does no damage.
The anaconda constricts you.
* * * LOW HITPOINT WARNING * * *
The naga mage spits poison at you. The splash of poison hits you.
You are more poisoned.
You resist.
* * * LOW HITPOINT WARNING * * *
The naga mage hits you but does no damage.
The naga barely misses you.
You take 15 damage, and have 12/210 hp.
You miss the anaconda with your +5 broad axe of flaming.
The anaconda is severely wounded.
You closely miss the naga with your +5 broad axe of flaming.
You barely miss the anaconda with the +1 trident of the Hierophant.
* * * LOW HITPOINT WARNING * * *
You feel very sick. The anaconda completely misses you.
The anaconda constricts you.
* * * LOW HITPOINT WARNING * * *
The naga mage casts a spell at the naga mage.
The naga mage's venom grows more potent.
The naga mage hits you but does no damage.
You take 9 damage, and have 3/210 hp.
You miss the anaconda with your +5 broad axe of flaming.
The anaconda is severely wounded.
You slash the naga with your +5 broad axe of flaming!
You burn the naga.
You hit the anaconda with the +1 trident of the Hierophant.
You feel better.
* * * LOW HITPOINT WARNING * * *
You feel very sick.
The anaconda bites you but does no damage.
The anaconda constricts you. The naga spits poison at you.
The splash of poison hits you.
You are more poisoned.
You have difficulty breathing.
You die...

..(#.... ...#####
....... .......#
.$..# #......#
#N.#####......#ß
#N...##.........
#N#†.#..........
#NN#............
####S##..S.........
#NN@###......?.....
#....S.)#
#............
#.....N.#
#............
..#.....#
#............ .
#.....#
#............
#.....#
............
#...... #......


You could see a nagaraja (fast), a naga warrior, a naga sharpshooter, 2
salamanders, an anaconda, a shock serpent, 2 naga magi and a naga (curare,
catching breath).

Vanquished Creatures
  Rupert (Lair:4)
  Kirke (Lair:4)
  An emperor scorpion (D:15)
  2 dire elephants
  An ice dragon (Lair:5)
  Harold (Orc:1)
  6 vault guards (D:14)
  9 hydras
  3 ogre magi
  A catoblepas (Lair:3)
  4 centaur warriors
  5 anacondas
  An occultist (D:13)
  A boulder beetle (D:13)
  A tengu warrior (D:15)
  Urug (Lair:5)
  15 two-headed ogres
  A hell hog (Lair:5)
  5 death yaks (Lair:5)
  6 naga sharpshooters
  3 naga warriors
  An orc high priest (Orc:2)
  4 shock serpents
  2 skysharks
  8 skeletal warriors
  2 deep trolls (Orc:2)
  6 mana vipers
  An orc knight (D:15)
  A swamp dragon (Lair:4)
  2 bog bodies (IceCv)
  3 naga ritualists (Snake:2)
  Pikel (D:6)
  5 lindwurms
  4 deep elf pyromancers (D:13)
  4 harpies
  17 ugly things
  7 cyclopes
  10 salamanders
  A manticore (D:15)
  A meliai (shapeshifter) (D:15)
  4 naga magi
  14 elephants
  31 black mambas
  7 torpor snails (Lair:5)
  3 guardian serpents
  A water nymph (D:15)
  An ice statue (IceCv)
  2 kobold blastminers (Orc:2)
  6 cane toads
  A cane toad (shapeshifter) (D:14)
  A molten gargoyle (D:13)
  2 kobold demonologists (D:13)
  19 komodo dragons
  2 efreet
  5 rime drakes
  Jeremiah (D:6)
  4 unseen horrors
  A freezing wraith (IceCv)
  A tengu conjurer (D:15)
  A troll (shapeshifter) (D:14)
  11 trolls
  8 hornets
  12 polar bears
  3 tyrant leeches (Lair:5)
  12 blink frogs
  8 dream sheep (Lair:5)
  3 raiju (Lair:5)
  8 slime creatures
  4 shadows
  10 wyverns
  7 basilisks
  53 yaks
  Grum (D:9)
  A fire elemental (D:13)
  9 wargs
  A hog (Lair:4)
  6 death yak simulacra
  14 vampire mosquitoes
  3 steam dragons
  A two-headed ogre zombie (D:12)
  33 nagas
  6 acid dragons
  14 hell hounds (Lair:5)
  3 hydra simulacra (IceCv)
  11 water moccasins
  Duvessa (D:5)
  13 black bears
  10 orc warriors
  2 laughing skulls (D:14)
  5 ice beasts
  4 boggarts (D:15)
  22 ogres
  20 centaurs
  41 wolves
  4 lemures (D:6)
  3 phantoms
  2 kobold brigands
  13 bullfrogs
  9 two-headed ogre simulacra
  5 cane toad simulacra
  7 scorpions
  19 wights
  Dowan (D:5)
  2 elephant simulacra (IceCv)
  11 killer bees (D:10)
  4 troll zombies (D:12)
  An electric eel (Lair:4)
  4 bombardier beetles
  5 howler monkeys
  A lava snake (D:13)
  4 hounds (D:7)
  9 orc priests
  3 iguanas
  8 jellies
  A gnoll bouda (D:5)
  6 sleepcaps
  9 orc wizards
  A polar bear simulacrum (IceCv)
  5 spriggan simulacra
  8 troll simulacra
  2 wolf simulacra (IceCv)
  3 ogre zombies (D:12)
  4 gnolls
  12 adders
  3 naga simulacra (IceCv)
  2 shadow imps
  8 white imps (IceCv)
  7 ufetubi
  3 dart slugs
  3 ribbon worms
  63 orcs
  17 endoplasms
  4 giant cockroaches
  6 goblins
  15 hobgoblins
  2 jackals (D:3)
  4 quokkas
  14 ball pythons
  8 bats
  5 frilled lizards
  A gnoll skeleton (D:12)
  2 gnoll zombies (D:12)
  21 kobolds
  3 orc skeletons (D:12)
  19 orc zombies (D:12)
  8 rats
1000 creatures vanquished.

Vanquished Creatures (collateral kills)
  A death yak (Lair:5)
  A naga warrior (Snake:1)
  A naga mage (Snake:1)
  A yak (Lair:5)
  A water moccasin (Lair:5)
5 creatures vanquished.

Vanquished Creatures (others)
  A centaur warrior (D:13)
  A mana viper (Snake:2)
  A salamander (Snake:1)
  3 humans (Lair:4)
  A killer bee (D:10)
7 creatures vanquished.

Grand Total: 1012 creatures vanquished

Notes
Turn   | Place    | Note
-------+----------+-------------------------------------------
     0 | D:1      | backslashecho the Coglin Berserker began the quest for the
                  | Orb.
     0 | D:1      | Reached XP level 1. HP: 18/18 MP: 1/1
   133 | D:1      | Reached XP level 2. HP: 21/24 MP: 2/2
   231 | D:1      | Reached skill level 1 in Short Blades
   237 | D:1      | Reached XP level 3. HP: 29/29 MP: 3/3
   503 | D:1      | Reached ** piety under Trog
   911 | D:2      | Reached XP level 4. HP: 29/35 MP: 4/4
  1090 | D:2      | Identified the +5 ring mail "Lixkonal" {rPois Str+3}
  1364 | D:2      | Reached XP level 5. HP: 30/41 MP: 5/5
  2041 | D:3      | Found an ancient bone altar of Kikubaaqudgha.
  2105 | D:3      | Reached skill level 5 in Axes
  2105 | D:3      | Reached XP level 6. HP: 43/48 MP: 6/6
  2130 | D:3      | Reached *** piety under Trog
  2454 | D:4      | Noticed a black bear
  2466 | D:4      | Killed a black bear
  2484 | D:4      | Found a stormy altar of Qazlal.
  2573 | D:4      | Reached XP level 7. HP: 55/55 MP: 7/7
  2670 | D:4      | Found a bloodstained altar of Trog.
  2734 | D:4      | Found a hide-covered altar of Uskayaw.
  2759 | D:4      | Reached skill level 5 in Fighting
  3143 | D:4      | Found a glowing silver altar of Zin.
  3431 | D:4      | Reached **** piety under Trog
  3585 | D:5      | Entered Level 5 of the Dungeon
  3603 | D:5      | Found a staircase to the Ecumenical Temple.
  3604 | D:5      | Noticed Duvessa
  3604 | D:5      | Noticed Dowan
  3619 | D:5      | Killed Duvessa
  3626 | D:5      | Killed Dowan
  3627 | D:5      | Reached skill level 1 in Throwing
  3627 | D:5      | Reached XP level 8. HP: 38/62 MP: 8/8
  4624 | D:6      | Noticed Pikel
  4660 | D:6      | Killed Pikel
  4780 | D:6      | Reached skill level 9 in Axes
  4780 | D:6      | Reached XP level 9. HP: 68/68 MP: 9/9
  4876 | D:6      | Found an iron altar of Okawaru.
  4899 | D:6      | Noticed Jeremiah
  4921 | D:6      | Killed Jeremiah
  5965 | D:7      | Noticed a troll
  6230 | D:7      | Reached skill level 5 in Armour
  6508 | D:7      | Noticed a hornet
  6518 | D:7      | Killed a hornet
  6530 | D:7      | Reached skill level 5 in Throwing
  6530 | D:7      | Reached XP level 10. HP: 74/74 MP: 10/10
  7073 | D:8      | Reached skill level 12 in Axes
  7134 | D:8      | Reached ***** piety under Trog
  7135 | D:8      | Reached skill level 1 in Evocations
  7324 | D:8      | Identified the +1 trident of the Hierophant {vamp, rElec
                  | rCorr SInv}
  7499 | D:8      | Found Diyt's General Store.
  7502 | D:8      | Bought a scroll of blinking for 105 gold pieces
  7502 | D:8      | Bought a scroll of teleportation for 42 gold pieces
  7502 | D:8      | Bought a wand of flame (10) for 98 gold pieces
  7532 | D:8      | Found a staircase to the Lair.
  7967 | D:9      | Reached XP level 11. HP: 81/81 MP: 11/11
  8291 | D:9      | Found a sacrificial altar of Ru.
  8349 | D:9      | Found a blossoming altar of Fedhas.
  8498 | D:9      | Noticed Grum
  8516 | D:9      | Killed Grum
  8517 | D:9      | Reached skill level 5 in Evocations
  8520 | D:9      | Received a gift from Trog
  8657 | D:10     | Entered Level 10 of the Dungeon
  8870 | D:10     | Found a sparkling altar of Nemelex Xobeh.
  8871 | D:10     | Found a shimmering blue altar of Sif Muna.
  8875 | D:10     | Found a broken altar of Ashenzari.
  8935 | D:10     | Found a snail-covered altar of Cheibriados.
  8978 | D:10     | Found a shadowy altar of Dithmenos.
  9514 | Lair:1   | Entered Level 1 of the Lair of Beasts
  9982 | Lair:1   | Found a shimmering altar of Xom.
 10063 | Lair:1   | Noticed a seven-headed hydra
 10075 | Lair:1   | Killed a four-headed hydra
 10076 | Lair:1   | Reached XP level 12. HP: 44/92 MP: 12/12
 10998 | Lair:2   | Found a staircase to the Snake Pit.
 11007 | Lair:2   | Reached skill level 15 in Axes
 11266 | Lair:2   | Found a transporter.
 11266 | Lair:2   | Noticed a hell hog
 11272 | Lair:2   | Noticed Buudu's ghost (novice MDFi)
 11280 | Lair:2   | Found a transporter.
 11286 | Lair:2   | Noticed a five-headed hydra
 11291 | Lair:2   | Killed a three-headed hydra
 11389 | Lair:2   | Reached skill level 9 in Evocations
 11777 | Lair:3   | Found a staircase to the Shoals.
 11789 | Lair:2   | Reached skill level 9 in Fighting
 12007 | Lair:2   | Received a gift from Trog
 12124 | Lair:3   | Noticed a catoblepas
 12159 | Lair:3   | Killed a catoblepas
 12351 | Lair:3   | Found a glowing silver altar of Zin.
 12432 | Lair:3   | Reached XP level 13. HP: 101/101 MP: 13/13
 13709 | Lair:4   | Noticed Rupert
 13722 | Lair:4   | Killed Rupert
 13903 | Lair:4   | Noticed jasper's ghost (journeyman MDBe)
 13904 | Lair:4   | Found a runed translucent door.
 13928 | Lair:4   | Noticed Kirke
 13943 | Lair:4   | Killed Kirke
 13958 | Lair:4   | HP: 7/151 [elephant (2)]
 13960 | Lair:4   | HP: 3/151 [elephant (4)]
 13965 | Lair:4   | HP: 3/151 [poisoned by a black mamba]
 14464 | Lair:4   | Reached XP level 14. HP: 108/108 MP: 14/14
 14482 | Lair:4   | Reached skill level 12 in Evocations
 14498 | Lair:4   | Acquired an actuated core {rF+ rC+ Clar RMsl}
 14750 | Lair:4   | Noticed a dire elephant
 14771 | Lair:4   | Found a runed translucent door.
 14932 | Lair:4   | Killed a dire elephant
 15126 | Lair:5   | Entered Level 5 of the Lair of Beasts
 15147 | Lair:5   | Noticed Urug
 15232 | Lair:5   | Killed Urug
 15326 | Lair:5   | Reached skill level 18 in Axes
 15440 | Lair:5   | Reached skill level 1 in Polearms
 15940 | Lair:5   | Reached skill level 9 in Armour
 16075 | Lair:5   | Found a staircase to the Slime Pits.
 16372 | Lair:5   | Received a gift from Trog
 16924 | Lair:5   | Reached XP level 15. HP: 114/114 MP: 15/15
 17157 | Lair:5   | Reached skill level 5 in Polearms
 17550 | Lair:5   | Received a gift from Trog
 18360 | D:12     | Reached skill level 15 in Evocations
 18578 | D:12     | Found a frozen archway.
 18607 | IceCv    | Entered an ice cave
 19381 | IceCv    | Reached ****** piety under Trog
 19830 | D:12     | Found a staircase to the Orcish Mines.
 20586 | Orc:1    | Entered Level 1 of the Orcish Mines
 20596 | Orc:1    | Noticed Harold
 20610 | Orc:1    | Killed Harold
 20873 | Orc:2    | Entered Level 2 of the Orcish Mines
 20900 | Orc:2    | Found a staircase to the Elven Halls.
 20934 | Orc:1    | Found a roughly hewn altar of Beogh.
 21197 | Orc:2    | Found a bloodstained altar of Trog.
 21381 | Orc:2    | Received a gift from Trog
 21697 | Orc:2    | Reached XP level 16. HP: 126/126 MP: 16/16
 21958 | Orc:2    | Found Urirroax's Armour Boutique.
 21963 | Orc:2    | Found Ulio's Antique Armour Shop.
 21964 | Orc:2    | Found Amio's Armour Emporium.
 21974 | Orc:2    | Found Ycuruex's Jewellery Shop.
 21977 | Orc:2    | Bought the +0 pair of gloves "Revybloi" {rPois Regen+ Int+2
                  | Dex-3} for 136 gold pieces
 22060 | Orc:2    | Bought shiny ice dragon scales for 1638 gold pieces
 22060 | Orc:2    | Bought a crude ring mail for 234 gold pieces
 22060 | Orc:2    | Identified the +3 ring mail of Beyond {rF+} (You bought it
                  | in a shop on level 2 of the Orcish Mines)
 22478 | D:13     | Reached skill level 12 in Fighting
 22550 | D:13     | Received a gift from Trog
 23532 | D:14     | Reached skill level 9 in Polearms
 23655 | D:14     | Found a gate to the Vaults.
 23833 | D:14     | Found a shimmering blue altar of Sif Muna.
 23957 | D:15     | Entered Level 15 of the Dungeon
 24144 | D:15     | Reached skill level 5 in Dodging
 24399 | D:15     | Reached skill level 18 in Evocations
 24663 | D:15     | Reached XP level 17. HP: 132/135 MP: 17/17
 24744 | D:15     | Found a staircase to the Depths.
 25128 | Snake:1  | Entered Level 1 of the Snake Pit
 25240 | Snake:1  | HP: 4/136 [salamander/+0 halberd (5)]
 25240 | Snake:1  | HP: 1/136 [salamander/+0 halberd (3)]
 26006 | Snake:1  | Found Epaloegh's Jewellery Shoppe.
 26006 | Snake:1  | Found Jott's Assorted Antiques.
 26011 | Snake:1  | Found Cynawaf's General Store.
 26016 | Snake:1  | Found Cell's General Store.
 26020 | Snake:1  | Found a basalt altar of Yredelemnul.
 26607 | Snake:2  | Found Zuaz's Assorted Antiques.
 26629 | Snake:2  | Bought a scroll labelled KULUAB LUFAR for 33 gold pieces
 27092 | Snake:2  | Received a gift from Trog
 27752 | Snake:3  | Identified the +0 scale mail of Kikubaaqudgha's Whim {Int+2
                  | Dex+2 Slay+3}
 28652 | Snake:4  | Entered Level 4 of the Snake Pit
 28718 | Snake:4  | Noticed Mlioglotl
 28730 | Snake:4  | Found Voamnu's Weapon Boutique.
 28746 | Snake:4  | HP: 9/210 [poisoned by a naga mage (splash of poison)]
 28746 | Snake:4  | HP: 3/210 [constriction (6)]
 28747 | Snake:4  | Asphyxiated

Illustrated notes

Levels and vault maps discovered:
D:1:      roderic_chinese_lattice_arrival, layout_loops_ring
D:2:      layout_basic
D:3:      layout_rooms, mainiacjoe_overflow_24_doors, kennysheep_generic_room_6
D:4:      corexii_shantytown, layout_basic, trog_butcher_becter,
          grunt_qazlal_clouds, mainiacjoe_overflow_surrounded_room, zin_statuary
D:5:      layout_loops_ring, minmay_temple_entry_tees,
          hangedman_decor_slide_cut, uniq_duvessa
D:6:      layout_rooms, mainiacjoe_overflow_small_starburst, uniq_pikel,
          uniq_jeremiah
D:7:      minmay_clustersquares, layout_loops_corners
D:8:      layout_basic, hellmonk_lair_entry_icy, serial_shops,
          nicolae_shop_real_fake_doors
D:9:      layout_roguey, kennysheep_mini, lemuel_tele_altar,
          kennysheep_generic_room_11, uniq_grum
D:10:     lemuel_slime, layout_cave_pools, mainiacjoe_overflow_cross_hatched,
          minitemple, mainiacjoe_overflow_catwalk
D:11:     layout_cave_pools
D:12:     layout_gridville, zombieorc2_lemuel,
          portal_ice_cave_entry_ice_simulacra
D:13:     layout_irregular_city, st_stairs_7, kennysheep_crisscross
D:14:     layout_small_grid, erik_vaults_2, lemuel_blue_sif_altar
D:15:     hangedman_depths_entry_try_elsewhere_first, layout_gridville,
          nrook_campfire
Lair:1:   layout_misc_corridors, basic_altar, hangedman_lair_generics_rect
Lair:2:   layout_chaotic_city, guppyfry_snake_entry_garden,
          gammafunk_ghost_abyssal_escape, grunt_megastairs_5,
          infiniplex_staircase_pool_2
Lair:3:   layout_loops_ring, nicolae_shoals_entry_roost, basic_altar
Lair:4:   gammafunk_lair_enchanted_lake, layout_loops_ring,
          gammafunk_ghost_grave, pond, grunt_megastairs_3, uniq_rupert,
          uniq_kirke
Lair:5:   wormcave, layout_cave_shapes, hangedman_lair_caniforms_friends,
          slime_entry_1, grunt_megastairs_2, uniq_urug
Snake:1:  layout_cave_pods, basic_altar, minmay_shop_grid_forest,
          nicolae_integral_box
Snake:2:  hangedman_cross_stitches, layout_cave_shapes, serial_shops, shop
Snake:3:  layout_cave_town, grunt_megastairs_4, lemuel_fruit_tree,
          serial_bayou_shore_b
Snake:4:  hellmonk_snake_rune_quicksilver_temple, layout_grid_shapes,
          serial_shops, shop, nicolae_snake_shapes, uniq_donald, uniq_mlioglotl,
          uniq_bai_suzhen
Orc:1:    layout_caves, basic_altar, uniq_harold
Orc:2:    st_orc_open, layout_diamond_mine, basic_altar

Skill      XL: |  1  2  3  4  5  6  7  8  9 10 11 12 13 14 15 16 17 |
---------------+----------------------------------------------------+-----
Armour         | 2 3 5 7 9 11 | 11.4
Short Blades   | 1 2 |  2.0
Dodging        | 2 5 |  5.0
Axes           | 4 5 7 9 10 12 14 15 17 18 | 18.0
Fighting       | 4 5 7 9 11 12 14 | 14.6
Throwing       | 1 3 5 6 |  6.0
Evocations     | 3 7 9 11 14 16 18 | 18.0
Polearms       | 4 7 9 |  9.2

Action                     |  1- 3 |  4- 6 |  7- 9 | 10-12 | 13-15 | 16-18 || total
---------------------------+-------+-------+-------+-------+-------+-------++-------
  Melee: Hand axe          |    85 |   142 |    77 |       |       |       ||   304
         Dagger            |    71 |   125 |   288 |    87 |       |       ||   571
         War axe           |       |       |   226 |   173 |       |       ||   399
         Trident           |       |       |       |   324 |   960 |   701 ||  1985
         Broad axe         |       |       |       |   208 |   853 |   614 ||  1675
  Throw: Dart              |       |       |       |     3 |     7 |     1 ||    11
         Throwing net      |       |       |       |       |     1 |       ||     1
 Invoke: Berserk           |       |     1 |     5 |     6 |    13 |     4 ||    29
         Trog's Hand       |       |       |       |       |     5 |     7 ||    12
         Brothers in Arms  |       |       |       |       |     1 |     1 ||     2
Ability: Invent Gizmo      |       |       |       |       |     1 |       ||     1
  Evoke: Wand              |       |       |     1 |       |     5 |     6 ||    12
    Use: Scroll            |       |       |     9 |     7 |    11 |     6 ||    33
         Potion            |       |       |       |       |       |     3 ||     3
   Stab: Petrified         |       |       |       |     2 |       |       ||     2
         Distracted        |       |       |       |       |     1 |       ||     1
 Armour: Animal skin       |    60 |    30 |       |       |       |       ||    90
         Ring mail         |       |    53 |   201 |   359 |   578 |   607 ||  1798
  Dodge: Dodged            |    54 |    93 |   131 |   207 |   285 |   245 ||  1015
         Repelled          |       |       |       |       |    16 |    63 ||    79

Table legend: (Time is in decaauts)
 A = Elapsed time spent in this place.
 B = Non-inter-level travel time spent in this place.
 C = Inter-level travel time spent in this place.
 D = Time resting spent in this place.
 E = Time spent auto-exploring this place.
 F = Levels seen in this place.
 G = Mean time per level.
                   A        B        C        D        E       F      G
               +--------+--------+--------+--------+--------+-----+--------+
         Total |  28562 |  26442 |   2120 |   4851 |  15744 |  27 | 1057.9 |
       Dungeon |  13989 |  12688 |   1301 |   1155 |   8618 |  15 |  932.6 |
          Lair |   8322 |   7937 |    385 |   2568 |   3993 |   5 | 1664.4 |
     Snake Pit |   3504 |   3131 |    373 |    397 |   2018 |   4 |  876.0 |
  Orcish Mines |   1593 |   1534 |     59 |    174 |    947 |   2 |  796.5 |
      Ice Cave |   1152 |   1152 |      0 |    555 |    168 |   1 | 1152.0 |
               +--------+--------+--------+--------+--------+-----+--------+

Top non-repeatable levels by time:
  Lair:5: 2273 daAuts
  Lair:3: 1759 daAuts
  Lair:4: 1600 daAuts
     D:7: 1588 daAuts
  Lair:2: 1353 daAuts
  Lair:1: 1336 daAuts
    D:12: 1301 daAuts
 Snake:2: 1233 daAuts
     D:4: 1184 daAuts
 Snake:1: 1157 daAuts
   IceCv: 1152 daAuts
   Orc:2: 1114 daAuts
 Snake:3: 1048 daAuts
     D:9: 1034 daAuts
     D:8: 937 daAuts
